 Dungeon Crawl Stone Soup version 0.26.0-45-g9c1d065592 (webtiles) character file.

Game seed: 10066294383991588664

5678 kaeus the Protected (level 10, -7/91 HPs)
             Began as a Hill Orc Monk on Jan 27, 2021.
             Was an Elder of Beogh.
             Mangled by Snorg (14 damage)
             ... on level 10 of the Dungeon.
             The game lasted 00:20:50 (14980 turns).

kaeus the Protected (Hill Orc Monk)                Turns: 14980, Time: 00:20:51

Health: -7/91      AC: 20    Str: 18    XL:     10   Next: 75%
Magic:  0/15       EV:  7    Int: 10    God:    Beogh [****..]
Gold:   688        SH:  0    Dex: 13    Spells: 9/9 levels left

rFire    . . .     SeeInvis .   a - +2 hand axe
rCold    . . .     Faith    .   (no shield)
rNeg     + . .     Spirit   +   m - +0 plate armour
rPois    .         Reflect  .   j - +1 helmet
rElec    .         Harm     .   h - +0 cloak
rCorr    +         Rampage  .   o - +0 pair of gloves
Will     .....                  (no boots)
Stlth    ..........             r - amulet of guardian spirit
HPRegen  0.25/turn              z - ring of positive energy
MPRegen  0.14/turn              x - ring of resist corrosion

@: no status effects
A: no striking features
a: Renounce Religion, Smiting, Recall Orcish Followers


You were on level 10 of the Dungeon.
You worshipped Beogh.
Beogh was greatly pleased with you.
You visited 1 branch of the dungeon, and saw 10 of its levels.

You collected 688 gold pieces.

Inventory:

Hand Weapons
 a - a +2 hand axe (weapon)
Armour
 h - a +0 cloak (worn)
 j - a +1 helmet (worn)
 m - a +0 plate armour (worn)
 o - a +0 pair of gloves (worn)
 w - the +3 leather armour of Kaigic {Will+}
   (You found it on level 7 of the Dungeon)

   It affects your willpower, your defense against some magical effects.
Jewellery
 r - an amulet of guardian spirit (around neck)
 s - an uncursed ring of stealth
 x - a ring of resist corrosion (right hand)
 z - a ring of positive energy (left hand)
 A - an uncursed amulet of magic regeneration
 D - an uncursed ring of stealth
Wands
 k - a wand of iceblast (18)
 n - a wand of flame (28)
 t - a wand of digging (5)
 y - a wand of paralysis (5)
Scrolls
 b - 8 scrolls of teleportation
 d - 3 scrolls of amnesia
 f - 2 scrolls of immolation
 i - 2 scrolls of blinking
 l - 3 scrolls of magic mapping
 p - 2 scrolls of identify
 v - 2 scrolls of fear
Potions
 c - 2 potions of lignification
 g - 5 potions of attraction
 q - a potion of magic
 B - 2 potions of flight {unknown}
 C - a potion of haste


   Skills:
 + Level 9.4 Fighting
 + Level 10.2 Axes
 * Level 11.0 Armour
 - Level 2.4 Dodging
 - Level 1.5 Stealth
 + Level 7.9 Invocations


You had 9 spell levels left.
You didn't know any spells.
Your spell library contained the following spells:

 Spells                   Type           Power        Failure   Level
 Poisonous Vapours        Pois/Air       0%           100%        2
 Conjure Flame            Conj/Fire      0%           100%        3
 Mephitic Cloud           Conj/Pois/Air  0%           100%        3
 Freezing Cloud           Conj/Ice/Air   0%           100%        6


Dungeon Overview and Level Annotations

Branches:
Dungeon (10/15)            Temple (0/1) D:7
   Lair: D:8-11         Orc: D:9-12

Altars:
Ashenzari
Dithmenos
Elyvilon
Gozag
Nemelex Xobeh
Qazlal
Uskayaw
Yredelemnul

Annotations:
D:9 exclusion: oklob plant
D:10 3 runed translucent doors, Snorg


Message History

You slash Snorg!
Snorg is severely wounded.
Your orc hits Snorg with a +0 whip! Snorg bites you!
Snorg claws you but does no damage. Snorg claws you!
Margrim hits Snorg with a +0 mace!
You take 19 damage, and have 33/91 hp.
MASSIVE DAMAGE!!
You now have 6/15 mp.
You hit Snorg.
Snorg is almost dead.
Snorg bites you!
* * * LOW HITPOINT WARNING * * *
Snorg claws you!
* * * LOW HITPOINT WARNING * * *
Snorg claws you!
* * * LOW HITPOINT WARNING * * *
Your orc barely misses Snorg.
You take 26 damage, and have 7/91 hp.
MASSIVE DAMAGE!!
You now have 1/15 mp.
You hit Snorg.
Snorg is almost dead.
Snorg bites you!
You die...

##......##
###....# #
##....# ..##
#..#### ....#
##.##
.....###..#
.......#.##
......†..#
.......@o#
......oT...#
###........?.#
#.......##..#
#......#. ..
#.......... .
.............
..............


You could see Snorg (berserk), the friendly Margrim the orc knight and a
friendly orc (strong).

Vanquished Creatures
  A two-headed ogre (D:10)
  A cyclops (D:8)
  A kobold demonologist (D:10)
  2 water moccasins (D:9)
  An ice beast (D:8)
  An orc warrior (D:7)
  2 ogres (D:4)
  A phantom (D:4)
  A sky beast (D:8)
  3 centaurs
  Blork the orc (D:5)
  3 bullfrogs
  3 scorpions
  10 killer bees
  5 howler monkeys
  A centaur zombie (D:8)
  2 bullfrog zombies
  An orc priest (D:5)
  4 hounds
  2 jellies (D:5)
  6 orc wizards
  A bullfrog skeleton (D:8)
  8 worker ants
  4 iguanas
  2 hound zombies
  A howler monkey zombie (D:8)
  A worker ant zombie (D:6)
  18 adders
  7 gnolls
  A shadow imp (D:10)
  3 white imps
  An ufetubus (D:4)
  An ooze (D:5)
  5 worms
  4 dart slugs
  3 leopard geckos
  18 orcs
  2 ball pythons
  12 bats
  5 giant cockroaches
  8 goblins
  11 hobgoblins
  8 jackals
  2 quokkas
  A ball python zombie (D:5)
  9 frilled lizards
  2 gnoll zombies (D:5)
  11 kobolds
  A leopard gecko zombie (D:6)
  10 rats
212 creatures vanquished.

Vanquished Creatures (collateral kills)
  A deep elf mage (D:10)
  A merfolk (D:10)
  A spriggan (D:10)
  A wraith (D:10)
  2 ice beasts (D:10)
  An eye of draining (D:8)
  An ogre (D:10)
  2 necrophages
  A bullfrog (D:10)
  A gnoll sergeant (D:9)
  A scorpion (D:10)
  7 killer bees
  A centaur zombie (D:8)
  An orc wizard (D:7)
  2 centaur skeletons (D:8)
  An iguana (D:9)
  2 worker ants
  A worker ant zombie (D:7)
  2 gnolls (D:9)
  An adder (D:7)
  An adder zombie (D:9)
  2 orcs (D:8)
34 creatures vanquished.

Vanquished Creatures (others)
  2 orc warriors
  5 orcs
7 creatures vanquished.

Grand Total: 253 creatures vanquished

Notes
Turn   | Place    | Note
-------+----------+-------------------------------------------
     0 | D:1      | kaeus the Hill Orc Monk began the quest for the Orb.
     0 | D:1      | Reached XP level 1. HP: 19/19 MP: 1/1
   182 | D:1      | Reached skill level 1 in Armour
   354 | D:1      | Reached XP level 2. HP: 27/27 MP: 2/2
   984 | D:1      | Reached XP level 3. HP: 31/33 MP: 3/3
   989 | D:1      | Reached skill level 2 in Armour
  1752 | D:2      | Reached XP level 4. HP: 19/40 MP: 4/4
  2699 | D:3      | Reached skill level 3 in Armour
  2735 | D:3      | Found a faded altar of an unknown god.
  2891 | D:3      | Reached XP level 5. HP: 39/47 MP: 5/5
  2892 | D:3      | Reached skill level 5 in Axes
  3094 | D:3      | Became a worshipper of Beogh the Brigand
  3094 | D:3      | Reached * piety under Beogh
  3094 | D:3      | Reached ** piety under Beogh
  3350 | D:3      | Reached skill level 4 in Armour
  3534 | D:4      | Noticed an ogre
  3856 | D:4      | Noticed a phantom
  3885 | D:4      | Reached skill level 5 in Fighting
  3885 | D:4      | Reached XP level 6. HP: 43/56 MP: 6/6
  3953 | D:4      | Killed a phantom
  4430 | D:4      | Reached skill level 5 in Armour
  4822 | D:5      | Entered Level 5 of the Dungeon
  4836 | D:5      | Reached XP level 7. HP: 41/61 MP: 4/7
  5006 | D:5      | Found a stormy altar of Qazlal.
  5384 | D:5      | Found an opulent altar of Gozag.
  5450 | D:5      | Found a basalt altar of Yredelemnul.
  5861 | D:4      | Reached skill level 1 in Invocations
  6247 | D:5      | Reached skill level 6 in Armour
  6724 | D:4      | Reached XP level 8. HP: 33/70 MP: 6/9
  6975 | D:5      | Noticed Blork the orc
  7005 | D:5      | Killed Blork the orc
  7706 | D:7      | Reached skill level 7 in Armour
  8267 | D:6      | Found a white marble altar of Elyvilon.
  8868 | D:6      | Found a sparkling altar of Nemelex Xobeh.
  8940 | D:7      | Reached *** piety under Beogh
  9568 | D:6      | Reached skill level 8 in Armour
  9568 | D:6      | Reached XP level 9. HP: 25/79 MP: 8/12
 10449 | D:7      | Reached skill level 5 in Invocations
 10834 | D:7      | Found a hide-covered altar of Uskayaw.
 10959 | D:7      | Found a staircase to the Ecumenical Temple.
 11373 | D:7      | Got a brightly glowing leather armour
 11384 | D:7      | Identified the +3 leather armour of Kaigic {Will+} (You
                  | found it on level 7 of the Dungeon)
 11982 | D:8      | Noticed a cyclops
 11994 | D:8      | Reached skill level 9 in Armour
 12001 | D:8      | Killed a cyclops
 12001 | D:8      | Gained Wulfoc as an ally
 12446 | D:8      | Found a broken altar of Ashenzari.
 12722 | D:9      | Reached XP level 10. HP: 86/90 MP: 14/14
 13050 | D:9      | Found a shadowy altar of Dithmenos.
 13078 | D:9      | Found an opulent altar of Gozag.
 13078 | D:9      | Noticed an oklob plant
 13233 | D:9      | Reached skill level 10 in Armour
 13246 | D:9      | Reached **** piety under Beogh
 13722 | D:10     | Entered Level 10 of the Dungeon
 13729 | D:10     | Found a runed translucent gate.
 13729 | D:10     | Found a runed translucent gate.
 13729 | D:10     | Found a runed translucent gate.
 13741 | D:10     | Noticed a kobold demonologist
 13758 | D:10     | Noticed a sixfirhy
 13759 | D:10     | Killed a kobold demonologist
 13809 | D:10     | Noticed a two-headed ogre
 13820 | D:10     | Killed a two-headed ogre
 14084 | D:10     | Reached skill level 10 in Axes
 14233 | D:10     | Gained Margrim as an ally
 14260 | D:10     | Noticed a deep elf mage
 14274 | D:10     | Killed a deep elf mage
 14834 | D:10     | Reached skill level 11 in Armour
 14964 | D:10     | Noticed Snorg
 14980 | D:10     | Mangled by Snorg

Illustrated notes

Levels and vault maps discovered:
D:1:      sevenhm_arrival_forest_fort_small_5, layout_basic, minmay_hexomino_p4
D:2:      layout_basic, minmay_cut_off
D:3:      layout_loops_ring, nicolae_overflow_hidden_temple,
          chequers_ecumenical_altar_simple_redux
D:4:      layout_rooms, chequers_mini_garden
D:5:      layout_cave_pools, grunt_qazlal_sundering, marbit_many_paths,
          lemuel_zombie_altar_yredelemnul, uniq_blork_the_orc
D:6:      layout_layer_cave, kennysheep_mini_moat, elyvilon_altar_1
D:7:      layout_basic, minmay_temple_entry_grid, basic_altar
D:8:      layout_rooms, basic_altar, st_stairs_3
D:9:      layout_rooms, lemuel_doored_altar, lemuel_oklob_altar
D:10:     layout_cave_pods, gammafunk_ghost_ooze, serial_shops, shop,
          hangedman_decor_opposing, hangedman_stone_soup,
          ebering_dispersal_statue_hall, uniq_snorg

Skill      XL: |  1  2  3  4  5  6  7  8  9 10 |
---------------+-------------------------------+-----
Armour         | 1 2 3 4 5 6 8 9 11 | 11.0
Fighting       | 4 5 6 7 8 9 |  9.4
Axes           | 5 6 7 9 10 | 10.2
Invocations    | 2 4 6 7 |  7.9
Dodging        | |  2.4
Stealth        | |  1.5

Action                   |  1- 3 |  4- 6 |  7- 9 | 10-12 || total
-------------------------+-------+-------+-------+-------++-------
Melee: Hand axe          |   158 |   311 |   613 |   167 ||  1249
Invok: Convert to Beogh  |       |     1 |       |       ||     1
  Use: Potion            |       |     2 |     9 |       ||    11
       Scroll            |       |       |    13 |     2 ||    15
 Stab: Sleeping          |     3 |     1 |       |       ||     4
       Distracted        |       |       |     1 |     4 ||     5
Armor: Robe              |     7 |       |       |       ||     7
       Ring mail         |    42 |    11 |       |       ||    53
       Plate armour      |       |   205 |   545 |   127 ||   877
       Skin              |       |       |    11 |       ||    11
Dodge: Dodged            |   114 |    99 |   232 |    73 ||   518
